 Dungeon Crawl Stone Soup version 0.18.1-5-g4a78601 (webtiles) character file.

66 LORDOFBUTT the Ducker (level 3, 0/40 HPs)
             Began as a Demonspawn Gladiator on May 11, 2016.
             Succumbed to an adder's poison
             ... on level 2 of the Dungeon.
             The game lasted 00:02:19 (1391 turns).

LORDOFBUTT the Ducker (Demonspawn Gladiator)        Turns: 1391, Time: 00:02:19

Health: 0/40       AC: 21    Str: 15    XL:     3   Next: 96%
Magic:  3/3        EV:  2    Int: 14    God:
Gold:   105        SH:  0    Dex: 19    Spells: 0 memorised, 2 levels left

rFire  . . .     SeeInvis .     a - +0 rapier
rCold  . . .     Gourm    .     (armour currently unavailable)
rNeg   + + +     Faith    .     (no shield)
rPois  +         Spirit   .     (helmet currently unavailable)
rElec  .         Dismiss  .     (cloak currently unavailable)
rCorr  .         Reflect  .     (gloves currently unavailable)
SustAt .         Harm     .     (boots currently unavailable)
MR     .....     NoTele   +     (no amulet)
Stlth  +++.......               (no ring)
                                (no ring)

@: brilliant, agile, lethally poisoned (0 -> -4), tree-form, not resistant to
hostile enchantments, fairly stealthy
A: (fire resistance 0), powered by pain 1
a: no special abilities


You were on level 2 of the Dungeon.
You were near starving.
You were a tree.
You visited 1 branch of the dungeon, and saw 2 of its levels.

You collected 105 gold pieces.

Inventory:

Hand Weapons
 a - a +0 rapier (weapon)
Missiles
 d - 3 throwing nets (quivered)
Armour
 b - a +1 leather armour (melded)
 c - a +2 helmet (melded)
Jewellery
 g - a +5 ring of intelligence {unknown}
 o - an uncursed ring of magical power {unknown}
Scrolls
 i - 2 scrolls of remove curse
 j - 2 scrolls of magic mapping {unknown}
 l - 3 scrolls of immolation {unknown}
Potions
 m - a potion of brilliance
Comestibles
 f - a bread ration
 h - 6 fruits


   Skills:
 + Level 2.2 Fighting
 + Level 3.2 Short Blades
 + Level 1.9 Throwing
 + Level 1.3 Armour
 + Level 3.3 Dodging
 + Level 0.2 Stealth


You had 2 spell levels left.
You didn't know any spells.

Dungeon Overview and Level Annotations

Branches:
Dungeon (2/15)

Altars:


Innate Abilities, Weirdness & Mutations

((Your flesh is heat resistant.))
You sometimes gain a little power by taking damage.


Message History

You hit the adder but do no damage. The adder barely misses you.
You hit the adder.
The adder is lightly wounded.
The adder barely misses you. The adder bites you.
* * * LOW HITPOINT WARNING * * *
You are lethally poisoned!
The adder poisons you!
Drink which item? (? for menu, Esc to quit)
It was a potion of agility.
You feel agile all of a sudden.
* * * LOW HITPOINT WARNING * * *
You feel sick. The adder barely misses you.
Drink which item? (? for menu, Esc to quit)
It was a potion of lignification.
You turn into a tree.
Your +2 helmet melds into your body.
Your +1 leather armour melds into your body.
Your roots penetrate the ground.
The adder bites you but does no damage.
You closely miss the adder.
The adder is lightly wounded.
You die...

##....# ###... ..# ####
[.## ## ...# .# ... .####
r. . ....####### .# ..#
###.......##########K#....#
#######.......♣Shhs.....#
###########r......#
####?...# ...# ..# .# #


You could see an adder, 2 jackals, a giant cockroach, a kobold and a rat.

Vanquished Creatures
  3 adders (D:2)
  An ooze (D:2)
  A dart slug (D:2)
  A giant gecko (D:1)
  5 bats
  A giant cockroach (D:2)
  4 goblins
  2 hobgoblins
  6 jackals (D:2)
  A quokka (D:2)
  2 kobolds
  3 rats
30 creatures vanquished.

Notes
Turn   | Place    | Note
--------------------------------------------------------------
     0 | D:1      | LORDOFBUTT the Demonspawn Gladiator began the quest for the Orb.
     0 | D:1      | Reached XP level 1. HP: 16/16 MP: 1/1
     2 | D:1      | Noticed a naga
     2 | D:1      | Noticed a merfolk
     4 | D:1      | Noticed a demonspawn
     4 | D:1      | Noticed a gargoyle
     6 | D:1      | Noticed a felid
     6 | D:1      | Noticed a vine stalker
    11 | D:1      | Noticed an elf
    11 | D:1      | Noticed a human
    13 | D:1      | Noticed an ogre
    13 | D:1      | Noticed an octopode
    15 | D:1      | Noticed a vampire
    17 | D:1      | Noticed a demigod
    17 | D:1      | Noticed a troll
    19 | D:1      | Noticed a formicid
    21 | D:1      | Noticed a ghoul
    21 | D:1      | Noticed a minotaur
    23 | D:1      | Noticed a centaur
    23 | D:1      | Noticed a halfling
    25 | D:1      | Noticed a tengu
    25 | D:1      | Noticed a draconian
    27 | D:1      | Noticed a dwarf
    27 | D:1      | Noticed a spriggan
   617 | D:1      | Gained mutation: Your flesh is heat resistant. [demonic ancestry]
   617 | D:1      | Reached XP level 2. HP: 19/22 MP: 2/2
  1127 | D:2      | Gained mutation: You sometimes gain a little power by taking damage. [demonic ancestry]
  1127 | D:2      | Reached XP level 3. HP: 12/27 MP: 3/3
  1144 | D:2      | Reached skill level 1 in Armour
  1389 | D:2      | HP: 1/27 [poisoned by an adder]
  1391 | D:2      | Succumbed to an adder's poison

Skill      XL: |  1  2  3 |
---------------+----------+-----
Short Blades   | 3 |  3.2
Dodging        | 3 |  3.3
Armour         | 1 |  1.3
Fighting       | |  2.2
Throwing       | |  1.9
Stealth        | |  0.2

Action                   || total
-------------------------++-------
Melee: Rapier            ||   118
  Use: Scroll            ||     7
       Potion            ||     5
 Stab: Sleeping          ||     1
Armor: Leather armour    ||    64
       Skin              ||     1
Dodge: Dodged            ||   153
